Map: Alcyone LE

Players

Subwayeatn

  • Race: Zerg Zerg
  • League: Platinum
  • Spawn Location: 7:00

DennisCousin - Winner!

  • Race: Terran Terran
  • League: Platinum
  • Spawn Location: 1:00

VOD

Have the link to the VOD?

Description

Time

  • Played on: Nov. 7, 2023, 11:41 a.m.
  • Length: 8:23
Show
View Real Time Build Order
Export as new Build Order

Subwayeatn Zerg 

Build Orders: Hatch First 

Get SALT Encoding   

  12  0:00  Drone  
  13  0:09  Drone  
  14  0:19  Overlord  
  14  0:41  Hatchery  
  13  0:44  Drone  
  13  0:48  Drone  
  15  0:52  Drone  
  15  0:56  Drone  
  17  1:06  Drone  
  17  1:10  Extractor  
  17  1:16  Spawning Pool  
  16  1:20  Drone  
  17  1:27  Drone  
  18  1:38  Drone  
  19  1:48  Drone  
  20  1:56  Drone  
  20  1:59  Drone  
  22  2:03  Queen  
  22  2:04  Queen  
  22  2:06  Zergling x2  
  27  2:10  Overlord  
  27  2:16  Zergling x2  
  27  2:43  Queen  
  28  2:45  Drone x5  
  33  2:56  Drone x2  
  35  3:05  Lair  
  35  3:10  Metabolic Boost  
  35  3:16  Hatchery  
  34  3:22  Drone  
  34  3:23  Overlord  
  34  3:26  Overlord  
  35  3:44  Drone x3  
  35  3:45  Drone  
  35  3:46  Drone x5  
  44  3:52  Queen  
  46  4:03  Zergling x4  
  46  4:09  Baneling Nest  
  47  4:11  Extractor  
  47  4:12  Drone x4  
  50  4:21  Extractor  
  50  4:22  Drone x2  
  51  4:27  Evolution Chamber  
  51  4:29  Hydralisk Den  
  51  4:30  Evolution Chamber  
  51  4:31  Queen  
  48  4:34  Queen  
  52  4:43  Drone x2  
  52  4:45  Drone  
  55  4:47  Overlord  
  55  4:56  Overseer, Spine Crawler  
  55  4:57  Spine Crawler  
  53  5:07  Pneumatized Carapace, Drone x3  
  55  5:09  Drone  
  55  5:10  Drone x2  
  55  5:11  Drone  
  55  5:13  Grooved Spines  
  60  5:14  Extractor  
  59  5:22  Overseer  
  59  5:24  Overlord x3  
  59  5:25  Overlord  
  59  5:27  Overlord  
  59  5:29  Overlord  
  59  5:30  Overlord  
  59  5:44  Zerg Missile Weapons Level 1  
  59  5:46  Zergling x2  
  59  5:47  Zergling x2  
  59  5:49  Queen  
  61  5:50  Baneling  
  61  5:51  Baneling x5  
  61  5:52  Baneling  
  61  5:55  Zergling x2  
  61  5:56  Zergling x2  
  65  5:58  Zergling x2  
  66  6:12  Drone x3  
  66  6:13  Drone x8  
  77  6:19  Centrifugal Hooks  
  77  6:21  Zerg Melee Weapons Level 1  
  77  6:26  Overlord x2  
  77  6:28  Zergling x4  
  79  6:33  Overseer  
  79  6:36  Overseer  
  61  6:59  Drone x6  
  61  7:00  Drone x2  
  68  7:01  Drone  
  68  7:02  Drone  
  68  7:06  Drone  
  71  7:10  Muscular Augments  
  71  7:11  Spine Crawler  
  71  7:14  Overseer  
  70  7:17  Overseer  
  70  7:19  Zergling x2  
  70  7:20  Zergling x14  
  77  7:35  Hydralisk x3  
  83  7:42  Baneling  
  83  7:43  Baneling x13  
  83  7:51  Overseer  
Show
View Real Time Build Order
Export as new Build Order

DennisCousin Terran - Winner!

Build Orders: Reaper Expand 

Get SALT Encoding   

  12  0:00  SCV  
  13  0:16  Supply Depot  
  13  0:17  SCV  
  14  0:29  SCV  
  15  0:40  Barracks  
  15  0:42  Refinery  
  15  0:45  SCV  
  16  0:57  SCV  
  17  1:09  SCV  
  18  1:27  Orbital Command  
  18  1:28  Reaper  
  19  1:42  Command Center  
  19  1:52  Supply Depot  
  19  1:54  SCV  
  20  2:00  Marine  
  21  2:06  SCV  
  22  2:11  Factory  
  22  2:19  Barracks Reactor  
  22  2:21  Refinery  
  22  2:39  SCV  
  23  2:51  SCV  
  23  2:56  Orbital Command, Supply Depot, Marine x2  
  23  2:57  Factory Tech Lab  
  25  3:03  Starport  
  25  3:04  SCV  
  26  3:13  Marine x2  
  26  3:17  SCV  
  29  3:24  SCV  
  29  3:25  Siege Tank  
  33  3:29  SCV  
  33  3:31  Marine x2  
  36  3:36  SCV  
  36  3:39  Supply Depot  
  37  3:42  Starport Reactor  
  37  3:51  Marine, SCV x2  
  37  3:52  Marine  
  37  3:53  Refinery  
  41  4:08  Barracks  
  41  4:09  SCV x2  
  43  4:12  Supply Depot  
  43  4:13  Marine x2  
  43  4:14  Factory Reactor  
  45  4:19  Medivac  
  45  4:20  Medivac  
  45  4:21  SCV  
  45  4:22  SCV  
  51  4:33  Marine x2, SCV  
  51  4:34  SCV  
  51  4:35  Supply Depot  
  55  4:45  SCV  
  56  4:46  SCV  
  57  4:52  Marine  
  57  4:53  Marine  
  57  4:56  Marine, Widow Mine x2  
  57  4:57  Stimpack  
  64  5:00  SCV x2  
  64  5:01  Barracks  
  64  5:06  Barracks  
  66  5:10  Refinery  
  66  5:13  Supply Depot  
  66  5:15  SCV x2  
  66  5:16  Marine x2  
  70  5:28  SCV x2  
  72  5:32  Widow Mine  
  72  5:33  Widow Mine  
  72  5:34  Liberator  
  72  5:35  Liberator  
  82  5:36  Supply Depot  
  82  5:40  Supply Depot  
  82  5:46  Marine x2  
  82  5:47  Marine  
  82  5:49  Barracks Reactor  
  85  5:58  Widow Mine x2  
  89  6:10  SCV x2  
  91  6:15  Supply Depot  
  91  6:17  Barracks Tech Lab  
  91  6:18  Marine x2  
  93  6:19  Marauder  
  95  6:25  Factory  
  95  6:30  Marine x2  
  92  6:59  Marine x3  
  92  7:00  Marine  
  92  7:01  Marauder  
  94  7:05  Marauder  
  94  7:07  Hellion  
  94  7:08  Hellion  
  100  7:09  Factory Tech Lab  
  100  7:10  Medivac  
  100  7:12  Viking  
  104  7:27  Supply Depot  
  104  7:30  Command Center  
  104  7:33  Marine x3  
  104  7:34  Marine, SCV x2  
  110  7:41  Supply Depot  
  110  7:42  Supply Depot  
  110  7:45  Supply Depot  
  110  7:48  Marine x2  
  110  7:51  Marine  
  106  8:11  SCV x2  
Tags
 
Add a new tag
Caveats
  • Supply blocks, unpowered buildings, or Contaminate may cause inaccurate times.
  • Supply counts are checked every 10 seconds.